 Dungeon Crawl Stone Soup version 0.24.0-13-gcf9b3192b9 (webtiles) character file.

Game seed: 9830523412772956962, levelgen mode: deterministic

3012 emikaela the Party-goer (level 9, -2/48 HPs)
             Began as a Vine Stalker Hunter on Nov 5, 2019.
             Was a Priest of Uskayaw.
             Slain by a warg (9 damage)
             ... on level 7 of the Dungeon.
             The game lasted 00:27:06 (7112 turns).

emikaela the Party-goer (Vine Stalker Hunter)       Turns: 7112, Time: 00:27:07

Health: -2/48      AC: 11    Str: 17    XL:     9   Next: 84%
Magic:  0/16       EV: 12    Int: 11    God:    Uskayaw [***...]
Gold:   234        SH:  0    Dex: 16    Spells: 8/8 levels left

rFire    + . .     SeeInvis .   b - +4 war axe (freeze)
rCold    . . .     Gourm    .   (no shield)
rNeg     + . .     Faith    .   k - +1 scale mail "Tut Gus" {rF+ rN+}
rPois    .         Spirit   +   (no helmet)
rElec    .         Reflect  .   (no cloak)
rCorr    .         Harm     .   C - +0 pair of gloves
MR       +....                  v - +2 pair of boots
Stlth    ..........             (no amulet)
HPRegen  0.56/turn              (no ring)
MPRegen  0.15/turn              (no ring)

@: no status effects
A: fangs 3, regeneration 1, magic shield, antimagic bite, no potion heal 3, rot
immunity
a: Stomp, Line Pass, Renounce Religion


You were on level 7 of the Dungeon.
You worshipped Uskayaw.
Uskayaw was aware of your devotion.
You were not hungry.

You visited 1 branch of the dungeon, and saw 7 of its levels.

You collected 234 gold pieces.

Inventory:

Hand Weapons
 a - a +1 hand crossbow
 b - a +4 war axe of freezing (weapon)
 A - a +0 whip of electrocution
 B - a cursed +2 battleaxe of flaming
 F - the +1 flail of Outrage {crush, rF+ MR+ Str+2 Int-3}
   (You found it on level 6 of the Dungeon)

   It inflicts extra damage upon your enemies.
   It affects your strength (+2).
   It affects your intelligence (-3).
   It protects you from fire.
   It affects your resistance to hostile enchantments.
Missiles
 d - 23 bolts
 f - 112 arrows
 j - 5 javelins
 l - 10 boomerangs
 n - a throwing net {!f}
 q - 15 poisoned darts
 s - 130 stones (quivered)
 x - 6 atropa-tipped darts
 J - 6 curare-tipped darts {!f}
 S - 59 sling bullets
Armour
 k - the +1 scale mail "Tut Gus" (worn) {rF+ rN+}
   (You found it on level 4 of the Dungeon)

   It protects you from fire.
   It protects you from negative energy.
 v - a +2 pair of boots (worn)
 C - a +0 pair of gloves (worn)
Wands
 D - a wand of disintegration (17)
 E - a wand of enslavement (11)
 H - a wand of scattershot (6)
Scrolls
 c - 2 scrolls of remove curse
 g - 2 scrolls of fog
 h - 2 scrolls of immolation {unknown}
 i - 2 scrolls of identify
 t - a scroll of blinking {unknown}
 u - 3 scrolls of teleportation {unknown}
 y - a scroll of enchant armour
 z - a scroll of random uselessness {unknown}
Potions
 m - 2 potions of curing
 o - 2 potions of resistance {unknown}
 p - a potion of might
 w - a potion of lignification {unknown}
 G - a potion of mutation {unknown}
 I - a potion of invisibility {unknown}
Comestibles
 e - 3 chunks of flesh
 r - 11 rations


   Skills:
 - Level 6.2 Fighting
 - Level 6.0 Crossbows
 - Level 4.1 Dodging
 - Level 1.2 Stealth
 - Level 8.0 Invocations
 + Level 4.0 Evocations


You had 8 spell levels left.
You didn't know any spells.
Your spell library contained the following spells:

 Spells                   Type           Power        Failure   Level  Hunger
 Animate Skeleton         Necr           N/A          78%         1    ##.....
 Apportation              Tloc           #.....       78%         1    ##.....
 Beastly Appendage        Tmut           #.....       78%         1    ##.....
 Confusing Touch          Hex            #.....       78%         1    ##.....
 Summon Small Mammal      Summ           #...         78%         1    ##.....
 Sticks to Snakes         Tmut           #.......     89%         2    ###....
 Spider Form              Tmut/Pois      #.........   98%         3    ####...
 Ice Form                 Ice/Tmut       #.......     100%        4    #####..
 Blade Hands              Tmut           #.........   100%        5    ######.


Dungeon Overview and Level Annotations

Branches:
Dungeon (7/15)             Temple (0/1) D:4

Altars:
Cheibriados
Fedhas
Okawaru
Ru
Sif Muna
Trog
Uskayaw
Beogh

Annotations:
D:2 Sigmund
D:5 3 runed translucent doors, PlayerOfArmor's ghost, novice OpIE
D:7 Prince Ribbit


Innate Abilities, Weirdness & Mutations

You have razor-sharp teeth.
Your natural rate of healing is unusually fast.
When hurt, damage is shared between your health and your magic reserves.
Your bite disrupts and absorbs the magic of your enemies.
Potions cannot restore your health.
You are immune to rotting.


Message History

You miss the warg. The warg bites you. The warg barely misses you.
The warg bites you. The warg bites you!
You slash the warg! You freeze the warg. You bite the warg.
You kill the warg!
Your Evocations skill increases to level 4!
You slash the warg! You freeze the warg. The warg bites you!
* * * LOW HITPOINT WARNING * * *
The warg bites you!
* * * LOW MAGIC WARNING * * *;
* * * LOW HITPOINT WARNING * * *
Uskayaw will force your foes to helplessly watch your dance.
Uskayaw prepares the audience for your solo!
The helpless warg fails to defend itself.
You hit the warg but do no damage.
The warg is moderately wounded.
The helpless warg fails to defend itself.
You hit the warg but do no damage.
The warg is moderately wounded.
The warg is no longer paralysed.
The warg bites you!
* * * LOW MAGIC WARNING * * *
You die...

########################
†.....P.................
........P............(..
≈≈≈≈≈≈≈≈≈≈≈≈≈≈≈≈≈≈≈≈≈≈≈≈
≈≈≈≈≈≈≈≈≈≈≈≈≈≈≈≈≈≈≈≈≈≈≈≈
#≈≈≈≈≈≈≈≈≈≈≈≈≈≈≈≈h≈≈≈≈≈≈
#...............@(...(((
########################
#


You could see a warg.

Vanquished Creatures
  Pikel (D:5)
  9 wargs (D:7)
  4 slaves
  A sky beast (D:5)
  An ogre (D:4)
  An orc warrior (D:6)
  2 centaurs
  A water moccasin zombie (D:5)
  4 wights (D:5)
  2 crimson imps (D:5)
  A centaur zombie (D:6)
  4 hounds
  A jelly (D:6)
  4 orc priests
  A gnoll shaman (D:4)
  An orc wizard (D:6)
  7 worker ants
  A hound skeleton (D:4)
  10 adders
  6 gnolls (D:4)
  An adder zombie (D:6)
  2 worms (D:2)
  3 leopard geckos
  29 orcs
  3 giant cockroaches
  7 hobgoblins
  3 jackals (D:3)
  2 quokkas
  2 ball pythons (D:3)
  5 bats
  2 frilled lizards
  6 goblins
  9 kobolds
  5 rats
141 creatures vanquished.

Notes
Turn   | Place    | Note
-------+----------+-------------------------------------------
     0 | D:1      | emikaela the Vine Stalker Hunter began the quest for the
                  | Orb.
     0 | D:1      | Reached XP level 1. HP: 11/11 MP: 2/2
   237 | D:1      | Reached XP level 2. HP: 13/15 MP: 3/3
   879 | D:2      | Reached XP level 3. HP: 17/19 MP: 4/4
   889 | D:2      | Gained mutation: Your natural rate of healing is unusually
                  | fast. [Vine Stalker growth]
   889 | D:2      | Reached XP level 4. HP: 16/23 MP: 3/5
  1155 | D:2      | Noticed Sigmund
  1810 | D:3      | Found a shimmering blue altar of Sif Muna.
  1810 | D:3      | Found a bloodstained altar of Trog.
  2036 | D:2      | Reached XP level 5. HP: 27/29 MP: 6/6
  2299 | D:3      | Found a sacrificial altar of Ru.
  2571 | D:3      | Found a faded altar of an unknown god.
  2597 | D:3      | Became a worshipper of Uskayaw the Reveler
  2597 | D:3      | Reached * piety under Uskayaw
  2829 | D:4      | Found a staircase to the Ecumenical Temple.
  2845 | D:4      | Reached ** piety under Uskayaw
  2870 | D:4      | Reached skill level 1 in Invocations
  2920 | D:4      | Noticed an ogre
  2926 | D:4      | Killed an ogre
  2926 | D:4      | Reached skill level 2 in Invocations
  2926 | D:4      | Reached XP level 6. HP: 34/34 MP: 6/8
  2926 | D:4      | Reached *** piety under Uskayaw
  3117 | D:4      | Got a bloodstained scale mail
  3139 | D:4      | Identified the cursed +1 scale mail "Tut Gus" {rF+ rN+}
                  | (You found it on level 4 of the Dungeon)
  3185 | D:4      | Reached skill level 5 in Fighting
  3281 | D:4      | Reached XP level 7. HP: 4/39 MP: 0/10
  3281 | D:4      | Reached **** piety under Uskayaw
  3371 | D:4      | Reached skill level 3 in Invocations
  3716 | D:4      | HP: 1/39 [ogre/+0 giant club (9)]
  4174 | D:5      | Entered Level 5 of the Dungeon
  4174 | D:5      | Noticed Pikel
  5185 | D:5      | Identified the +4 short sword of Reuxoalo {holy, *Slow rF+
                  | rN+ Dex+3}
  5186 | D:5      | Noticed PlayerOfArmor's ghost (novice OpIE)
  5255 | D:5      | Killed Pikel
  5255 | D:5      | Reached skill level 5 in Crossbows
  5255 | D:5      | Reached skill level 4 in Invocations
  5255 | D:5      | Gained mutation: You have razor-sharp teeth. [Vine Stalker
                  | growth]
  5255 | D:5      | Reached XP level 8. HP: 36/44 MP: 8/12
  5306 | D:5      | Found a runed translucent gate.
  5306 | D:5      | Found a runed translucent gate.
  5307 | D:5      | Found a runed translucent gate.
  5309 | D:5      | Found a roughly hewn altar of Beogh.
  5525 | D:5      | Reached skill level 5 in Invocations
  5831 | D:5      | Upgraded the game from 0.24.0-10-g970556be89 to
                  | 0.24.0-13-gcf9b3192b9
  6121 | D:5      | Reached skill level 6 in Invocations
  6148 | D:6      | Reached XP level 9. HP: 45/48 MP: 12/14
  6165 | D:6      | Got a warped flail
  6198 | D:6      | Identified the cursed +1 flail of Outrage {crush, rF+ MR+
                  | Str+2 Int-3} (You found it on level 6 of the Dungeon)
  6378 | D:6      | Reached skill level 7 in Invocations
  6479 | D:6      | Found a blossoming altar of Fedhas.
  6515 | D:6      | Found an iron altar of Okawaru.
  6783 | D:6      | Found a snail-covered altar of Cheibriados.
  6887 | D:7      | Noticed Prince Ribbit
  6980 | D:7      | Reached skill level 1 in Evocations
  6988 | D:7      | Reached ***** piety under Uskayaw
  7005 | D:7      | Reached ****** piety under Uskayaw
  7017 | D:7      | Reached skill level 8 in Invocations
  7112 | D:7      | Slain by a warg

Levels and vault maps discovered:
D:1:      lightli_arrival_isolated_outpost, layout_basic,
          minmay_misc_feat_pillars, hangedman_glass_teeth
D:2:      layout_basic, first_ration, uniq_sigmund
D:3:      layout_basic, lemuel_crystal_altar, old_standard_altar, bloody_trog,
          chequers_ecumenical_altar_simple_redux, grunt_decor_mini_mirrors,
          minmay_misc_feat_diagonals, interstate_on_off
D:4:      layout_basic, minmay_temple_entry_sparse_star
D:5:      layout_layer_cave, biasface_ghost_orc_armoury, uniq_pikel
D:6:      layout_cave_pools, nicolae_overflow_crystal_walls,
          okawaru_metal_pillars_1_2, basic_altar
D:7:      lemuel_castle_with_subvaults [lemuel_castle_interior_carwin_1],
          layout_loops_ring, serial_shops, nicolae_shop_behind_doors,
          uniq_menkaure, uniq_prince_ribbit1, uniq_duvessa

Skill      XL: |  1  2  3  4  5  6  7  8  9 |
---------------+----------------------------+-----
Fighting       | 2 3 4 5 6 |  6.2
Dodging        | 2 4 |  4.1
Invocations    | 2 4 6 8 |  8.0
Crossbows      | 5 6 |  6.0
Evocations     | 4 |  4.0
Stealth        | |  1.2

Action                   |  1- 3 |  4- 6 |  7- 9 || total
-------------------------+-------+-------+-------++-------
Melee: Short sword       |    34 |   126 |    96 ||   256
       Bite              |    11 |    38 |    59 ||   108
       Whip              |       |       |    16 ||    16
       War axe           |       |       |    81 ||    81
 Fire: Hand crossbow     |    22 |    70 |   139 ||   231
Throw: Stone             |       |   103 |    67 ||   170
Invok: Stomp             |       |       |     1 ||     1
       Line Pass         |       |       |     1 ||     1
  Use: Scroll            |       |     8 |     2 ||    10
 Stab: Sleeping          |     1 |       |       ||     1
       Paralysed         |       |       |    12 ||    12
  Eat: Chunk             |       |     7 |    10 ||    17
       Ration            |       |       |     1 ||     1
Armor: Leather armour    |     7 |    27 |       ||    34
       Scale mail        |       |     2 |   138 ||   140
Dodge: Dodged            |    16 |   108 |   146 ||   270
